 Dungeon Crawl Stone Soup version 0.17-a0-1184-gb75be8f (webtiles) character file.

696 Kidiri the Scholar of Death (level 7, 0/36 HPs)
             Began as a Deep Elf Necromancer on June 1, 2015.
             Was a Follower of Kikubaaqudgha.
             Shot with an arrow by a centaur (9 damage)
             ... on level 5 of the Dungeon.
             The game lasted 00:36:27 (6378 turns).

Kidiri the Scholar of Death (Deep Elf Necromancer)  Turns: 6378, Time: 00:36:27

Health: 0/36       AC:  6    Str:  5    XL:     7   Next: 37%
Magic:  18/18      EV: 13    Int: 22    God:    Kikubaaqudgha [*.....]
Gold:   187        SH:  0    Dex: 15    Spells: 7 memorised, 1 level left

rFire  . . .     SeeInvis .     j - +2 quarterstaff (chaos)
rCold  . . .     Clarity  .     d - +0 leather armour
rNeg   + + .     SustAt   +     (no shield)
rPois  .         Gourm    .     (no helmet)
rElec  .         Spirit   .     t - +1 cloak {MR+}
rCorr  .         Warding  +     (no gloves)
rMut   .         Stasis   .     x - +0 pair of boots (curse)
MR     +....                    q - amulet of warding
Stlth  +++.......               v - ring of positive energy
                                m - ring of sustain attributes

@: somewhat resistant to hostile enchantments, fairly stealthy
A: no striking features
a: Receive Corpses, Renounce Religion


You were on level 5 of the Dungeon.
You worshipped Kikubaaqudgha.
Kikubaaqudgha was aware of your devotion.
You were not hungry.

You visited 2 branches of the dungeon, and saw 6 of its levels.

You collected 187 gold pieces.

Inventory:

Hand weapons
 e - a +2 whip of draining
 j - a +2 quarterstaff of chaos (weapon)
 u - a +2 hammer of holy wrath
Missiles
 A - 7 tomahawks of dispersal (quivered)
Armour
 d - a +0 leather armour (worn)
 g - a +0 pair of boots
 i - a +1 ring mail of positive energy
 t - a +1 cloak of magic resistance (worn)
 x - a cursed +0 pair of boots (worn)
Jewellery
 m - a ring of sustain attributes (left hand)
 q - an amulet of warding (around neck)
 v - a ring of positive energy (right hand)
Scrolls
 a - 5 scrolls of remove curse {unknown}
 h - a scroll of random uselessness {unknown}
 l - 4 scrolls of recharging
 p - a scroll of enchant armour {unknown}
 r - a scroll of teleportation {unknown}
 w - 4 scrolls of identify
Potions
 k - a potion of berserk rage
 o - 2 potions of flight
 s - 3 potions of curing
 z - a potion of poison {unknown}
Books
 b - a book of Necromancy

   Spells                             Type                      Level
   a - Pain                           Necromancy                   1
   b - Animate Skeleton               Necromancy                   1
   c - Vampiric Draining              Necromancy                   3
   d - Regeneration                   Charms/Necromancy            3
   e - Animate Dead                   Necromancy                   4
   f - Control Undead                 Necromancy                   4
 y - Kikubaaqudgha's Grimoire of Necromancy
   (Kikubaaqudgha gifted it to you on level 5 of the Dungeon)

   Spells                             Type                      Level
   a - Animate Skeleton               Necromancy                   1
   b - Corpse Rot                     Necromancy                   2
   c - Sublimation of Blood           Necromancy                   2
   d - Vampiric Draining              Necromancy                   3
   e - Control Undead                 Necromancy                   4
Comestibles
 c - 5 bread rations
 f - 4 fruits
 n - 2 meat rations
 B - a slice of pizza


   Skills:
 + Level 5.1 Dodging
 + Level 4.6 Stealth
 * Level 6.5 Spellcasting
 + Level 2.6 Charms
 * Level 7.0 Necromancy


You had one spell level left.
You knew the following spells:

 Your Spells              Type           Power        Failure   Level  Hunger
a - Pain                  Necr           ####         1%          1    None
b - Animate Skeleton      Necr           N/A          1%          1    None
c - Vampiric Draining     Necr           #####.....   2%          3    #......
d - Regeneration          Chrm/Necr      ####......   10%         3    #......
e - Animate Dead          Necr           N/A          10%         4    ###....
f - Control Undead        Necr           #####.....   10%         4    ###....
g - Corpse Rot            Necr           N/A          1%          2    None


Dungeon Overview and Level Annotations

Branches:
Dungeon (5/15)             Temple (1/1) D:4

Altars:
Ashenzari
Cheibriados
Dithmenos
Elyvilon
Fedhas
Gozag
Kikubaaqudgha
Makhleb
Okawaru
Qazlal
Ru
Trog
Vehumet
Xom
Yredelemnul
Zin
The Shining One


Message History

You destroy the quokka zombie!
A centaur comes into view.
The centaur wields a shortbow.
The centaur shoots an arrow.
The arrow misses you.
You see here an arrow.
The centaur shoots an arrow.
The arrow hits you!
You see here an arrow.
The centaur shoots an arrow.
The arrow hits you!
You see here an arrow.
The centaur shoots an arrow.
The arrow hits you!
The centaur shoots an arrow.
The arrow closely misses you.
You see here an arrow.
The centaur shoots an arrow.
The arrow hits you.
* * * LOW HITPOINT WARNING * * *
You see here an arrow.
Drink which item? (? for menu, Esc to quit)
Okay, then.
The centaur shoots an arrow.
The arrow hits you!
You die...
Kikubaaqudgha rasps: "You have failed me!
Welcome... death!"

########## ..<......##
#########
####.###.#.#####.c......
........###(((((.# #.#
#.##.###.#.#####@# #.#
##.#.............# #.#
##..รท..#.###.##.# #.#
##........#...##)#####>#
#..####.###.#(##.......####
.#.# #.# #.#.##..........##
##.# #.#
#.#.##.##.##.#...## #.##
#.# #(#.##)##.##...#..#
#..# #.#
#.#.#((.#.####...##


You could see a centaur.

Vanquished Creatures
  An orc warrior (D:5)
  A crimson imp (D:5)
  3 orc wizards (D:5)
  Crazy Yiuf (D:2)
  A giant frog zombie (D:5)
  A giant frog skeleton (D:3)
  2 iguanas (D:4)
  Jessica (D:2)
  A worker ant (D:5)
  A hound zombie (D:5)
  A river rat (D:5)
  A worker ant zombie (D:5)
  7 adders
  7 gnolls
  A shadow imp (D:5)
  An ooze (D:3)
  4 giant geckos
  20 orcs
  A ball python (D:3)
  6 giant cockroaches
  12 hobgoblins
  A jackal (shapeshifter) (D:5)
  A quokka (D:5)
  12 bats
  2 giant newts
  6 goblins
  14 jackals
  11 kobolds
  A quokka zombie (D:5)
  9 rats
  A fungus (D:2)
132 creatures vanquished.

Vanquished Creatures (collateral kills)
  A hound skeleton (D:4)
  A gnoll (D:1)
  2 orcs (D:5)
  A hobgoblin (D:5)
  4 jackals (D:4)
  A kobold (D:3)
10 creatures vanquished.

Grand Total: 142 creatures vanquished

Notes
Turn   | Place    | Note
--------------------------------------------------------------
     0 | D:1      | Kidiri the Deep Elf Necromancer began the quest for the Orb.
     0 | D:1      | Reached XP level 1. HP: 10/10 MP: 6/6
     7 | D:1      | Learned a level 1 spell: Animate Skeleton
   393 | D:1      | Reached skill level 5 in Necromancy
   395 | D:1      | Reached XP level 2. HP: 7/15 MP: 1/8
  1309 | D:1      | Reached XP level 3. HP: 16/19 MP: 6/10
  1314 | D:1      | Learned a level 3 spell: Vampiric Draining
  1318 | D:1      | Learned a level 3 spell: Regeneration
  1653 | D:1      | Reached XP level 4. HP: 2/24 MP: 1/12
  2315 | D:2      | Noticed Jessica
  2327 | D:2      | Killed Jessica
  2703 | D:2      | Noticed Crazy Yiuf
  2708 | D:2      | Killed Crazy Yiuf
  2708 | D:2      | Reached XP level 5. HP: 23/28 MP: 8/14
  2982 | D:3      | Learned a level 4 spell: Animate Dead
  3214 | D:3      | Reached skill level 5 in Spellcasting
  4110 | D:4      | Reached skill level 6 in Necromancy
  4384 | D:4      | Reached XP level 6. HP: 18/32 MP: 9/16
  4435 | D:4      | Learned a level 4 spell: Control Undead
  4606 | D:4      | Found a white marble altar of Elyvilon.
  4903 | D:4      | Found a staircase to the Ecumenical Temple.
  4916 | Temple   | Entered the Ecumenical Temple
  4989 | Temple   | Became a worshipper of Kikubaaqudgha
  5328 | D:3      | Found an opulent altar of Gozag.
  5328 | D:3      | Found a snail-covered altar of Cheibriados.
  5413 | D:5      | Entered Level 5 of the Dungeon
  5523 | D:5      | Reached skill level 1 in Charms
  5652 | D:5      | Reached XP level 7. HP: 18/36 MP: 4/18
  5927 | D:5      | Reached skill level 5 in Dodging
  6041 | D:5      | Acquired Kikubaaqudgha's first power
  6041 | D:5      | Received a gift from Kikubaaqudgha
  6042 | D:5      | Identified Kikubaaqudgha's Grimoire of Necromancy (Kikubaaqudgha gifted it to you on level 5 of the Dungeon)
  6073 | D:5      | Learned a level 2 spell: Corpse Rot
  6097 | D:5      | Found a glowing drain.
  6175 | D:5      | Reached skill level 7 in Necromancy
  6378 | D:5      | Shot with an arrow by a centaur

Vault maps used:
D:1:      dpeg_arrival_refuge, minmay_misc_feat_rows
D:2:      uniq_jessica, uniq_crazy_yiuf_cottage
D:3:      nicolae_overflow_hidden_temple
D:4:      temple_hall, first_bread, elyvilon_altar_1
D:5:      gup_sewer_entry_bowl, kennysheep_generic_room_2
Temple:   water_room_temple_a_12

Action                   |  1- 3 |  4- 6 |  7- 9 || total
-------------------------+-------+-------+-------++-------
Melee: Whip              |     5 |    31 |       ||    36
       Quarterstaff      |       |    80 |    72 ||   152
       Hammer            |       |    11 |       ||    11
Throw: Tomahawk          |       |       |     1 ||     1
 Cast: Pain              |    58 |    60 |     7 ||   125
       Animate Skeleton  |    13 |    11 |     1 ||    25
       Vampiric Draining |     2 |    17 |     3 ||    22
       Animate Dead      |       |    15 |     3 ||    18
       Control Undead    |       |     1 |       ||     1
       Regeneration      |       |       |     1 ||     1
  Use: Potion            |     2 |     1 |     1 ||     4
       Scroll            |     1 |     3 |       ||     4
 Stab: Sleeping          |       |     2 |     2 ||     4
       Paralysed         |       |       |     2 ||     2
  Eat: Chunk             |     2 |     4 |       ||     6
       Meat ration       |       |     2 |     1 ||     3
       Pizza             |       |     1 |       ||     1
